 Dungeon Crawl Stone Soup version 0.30-a0-986-g7f2e898f52 (webtiles) character file.

Game seed: 17223514742840560205

1270 DeathPants the Vexing (level 8, 0/42 HPs)
             Began as a Vine Stalker Wanderer on Apr 1, 2023.
             Succumbed to a scorpion's poison
             ... on level 6 of the Dungeon.
             The game lasted 00:14:23 (3467 turns).

DeathPants the Vexing (Vine Stalker Wanderer)       Turns: 3467, Time: 00:14:23

Health: 0/42       AC:  6    Str: 15    XL:     8   Next: 53%
Magic:  1/16       EV: 13    Int: 17    God:
Gold:   238        SH:  0    Dex: 15    Spells: 13/16 levels left

rFire   . . .      SeeInvis .    a - +10 spear of Vodka {venom, Int+4}
rCold   . . .      Faith    .    (no shield)
rNeg    . . .      Spirit   +    p - +2 robe
rPois   .          Reflect  .    b - +0 helmet
rElec   .          Rampage  .    (no cloak)
rCorr   .                        q - +0 pair of gloves
Will    +....                    (no boots)
Stlth   +                        (no amulet)
HPRegen 1.07/turn                (no ring)
MPRegen 0.15/turn                (no ring)

@: lethally poisoned (0 -> -5)
A: fangs 3, regeneration 1, magic shield, antimagic bite, no potion heal 2
a: no special abilities


You were on level 6 of the Dungeon.
You visited 1 branch of the dungeon, and saw 7 of its levels.
You also visited: Sewer.

You collected 238 gold pieces.

Inventory:

Hand Weapons
 a - the +10 spear of Vodka (weapon) {venom, Int+4}
   (You found it on level 3 of the Dungeon)

   Int:       It affects your intelligence (+4).
 u - a +0 trident
Missiles
 s - 2 poisoned darts
 I - 3 boomerangs
Armour
 b - a +0 helmet (worn)
 m - a +0 buckler
 p - a +2 robe (worn)
 q - a +0 pair of gloves (worn)
Jewellery
 d - a ring of ice
 D - a ring of fire
Wands
 w - a wand of charming (14)
 z - a wand of polymorph (11)
Scrolls
 e - 8 scrolls of teleportation
 k - a scroll of blinking {unknown}
 o - a scroll of magic mapping {unknown}
 r - a scroll of poison {unknown}
 x - a scroll of fear {unknown}
 y - a scroll of amnesia {unknown}
 B - a scroll of butterflies {unknown}
 C - 4 scrolls of identify {unknown}
 E - a scroll of enchant armour {unknown}
 G - 2 scrolls of fog {unknown}
 H - a scroll of torment {unknown}
 J - a scroll of vulnerability {unknown}
Potions
 c - 4 potions of curing
 f - 3 potions of degeneration {unknown}
 g - 2 potions of resistance {unknown}
 h - 2 potions of ambrosia {unknown}
 i - 2 potions of mutation {unknown}
 j - 3 potions of heal wounds
 l - a potion of lignification {unknown}
 n - 2 potions of might {unknown}
 t - 2 potions of attraction {unknown}
 v - a potion of invisibility {unknown}
 A - 3 potions of haste {unknown}
 F - 2 potions of berserk rage {unknown}


   Skills:
 + Level 4.1 Fighting
 - Level 1.0 Armour
 + Level 4.2 Dodging
 + Level 4.7 Spellcasting
 + Level 6.2 Hexes
 + Level 2.8 Translocations
 - Level 1.7 Evocations


You had 13 spell levels left.
You knew the following spells:

 Your Spells              Type           Power      Damage    Failure   Level
a - Slow                  Hex            100%       N/A       1%          1
b - Blink                 Tloc           26%        N/A       7%          2

Your spell library contained the following spells:

 Spells                   Type           Power      Damage    Failure   Level
 Apportation              Tloc           26%        N/A       4%          1
 Lesser Beckoning         Tloc           26%        N/A       7%          2
 Momentum Strike          Conj/Tloc      16%        3d8       12%         2
 Dazzling Flash           Conj/Hex       28%        N/A       12%         3
 Inner Flame              Hex/Fire       14%        N/A       12%         3
 Necrotise                Necr           16%        1d4       14%         1
 Summon Small Mammal      Summ           16%        N/A       14%         1
 Summon Lightning Spire   Summ/Air       4%         N/A       82%         4
 Storm Form               Tmut/Air       2%         N/A       100%        7
 Maxwell's Capacitive Co  Air            2%         ∞         100%        8


Dungeon Overview and Level Annotations

Branches:
Dungeon (7/15)              Sewer (visited)
 Temple: D:4-7

Altars:
Makhleb
Yredelemnul
The Shining One


Innate Abilities, Weirdness & Mutations

You have razor-sharp teeth.
Your natural rate of healing is unusually fast.
When hurt, damage is shared between your health and your magic reserves.
Your bite disrupts and absorbs the magic of your enemies.
Potions cannot restore your health.


Message History

The scorpion is heavily wounded.
You feel sick.
The scorpion stings you but does no damage.
The scorpion stings you.
You are more poisoned.
The scorpion poisons you!
A white imp comes into view.
The orc hits you from afar with a +0 trident!
The white imp shouts!
You hit the scorpion.
The scorpion looks as sick as possible!
Your bite misses the scorpion.
The scorpion is almost dead.
You feel very sick.
You kill the scorpion!
The scorpion stings you.
You are lethally poisoned!
The scorpion poisons you! The orc barely misses you. The scorpion misses you.
* * * LOW HITPOINT WARNING * * *
You feel very sick. The scorpion stings you.
* * * LOW HITPOINT WARNING * * *
You see here a scorpion corpse.
* * * LOW HITPOINT WARNING * * *
You feel very sick. The white imp gestures at you. The puff of frost hits you!
* * * LOW HITPOINT WARNING * * *
The scorpion closely misses you.
Your system rejects the healing.
You feel better. The scorpion barely misses you.
The scorpion attacks as you move away! The scorpion closely misses you.
The orc closely misses you. The scorpion attacks as you move away!
The scorpion stings you.
* * * LOW HITPOINT WARNING * * *
The scorpion closely misses you. The scorpion attacks as you move away!
The scorpion stings you.
* * * LOW HITPOINT WARNING * * *
You are lethally poisoned!
The scorpion poisons you!
You die...

##.≈≈≈≈≈§......##
#..≈≈..≈≈........
#..≈≈_>≈§........
###..§§≈≈≈≈.#####.#
#....§≈≈≈≈≈o.......
#.##.†§§...o..5....
###.######..os....... #...#
#........... ###.###
#...@....... ##...####
#........... ........##
#........... #######..##
#...........
##..###...........
######..##.#.........
.........##.##########......
########..#......# ......
#.....###.# ....#


You could see a scorpion, a white imp and 3 orcs.

Vanquished Creatures
  Grinder (D:3)
  Sigmund (D:2)
  A water moccasin (D:6)
  An ogre (D:6)
  A black bear (D:6)
  2 phantoms
  3 scorpions
  A hound (D:5)
  An orc priest (D:6)
  Terence (D:2)
  An iguana (D:5)
  5 adders
  A river rat (Sewer)
  An ufetubus (D:5)
  2 worms (D:5)
  2 dart slugs
  7 orcs
  14 ball pythons
  2 bats
  3 endoplasms
  6 giant cockroaches
  8 hobgoblins
  11 jackals
  5 quokkas
  6 frilled lizards
  5 goblins
  5 kobolds
  10 rats
107 creatures vanquished.

Vanquished Creatures (others)
  An orc wizard (D:6)
1 creature vanquished.

Grand Total: 108 creatures vanquished

Notes
Turn   | Place    | Note
-------+----------+-------------------------------------------
     0 | D:1      | DeathPants the Vine Stalker Wanderer began the quest for
                  | the Orb.
     0 | D:1      | DeathPants set off with the following items: a +0 dagger, a
                  | +0 helmet, a potion of curing, a +0 robe, a scroll of
                  | teleportation; and the following spell memorised: Slow; and
                  | the following spells available to memorise: Dazzling Flash,
                  | Inner Flame.
     0 | D:1      | Reached XP level 1. HP: 9/9 MP: 3/3
    84 | D:1      | Found a faded altar of an unknown god.
   303 | D:1      | Reached XP level 2. HP: 14/14 MP: 5/5
   556 | D:2      | Noticed Sigmund
   610 | D:2      | Killed Sigmund
   611 | D:2      | Reached XP level 3. HP: 3/18 MP: 0/8
   611 | D:2      | Gained mutation: Your natural rate of healing is unusually
                  | fast. [Vine Stalker growth]
   611 | D:2      | Reached XP level 4. HP: 4/23 MP: 0/9
   611 | D:2      | Reached XP level 5. HP: 5/26 MP: 0/10
  1229 | D:2      | Noticed Terence
  1268 | D:2      | Killed Terence
  1269 | D:2      | Reached XP level 6. HP: 31/31 MP: 5/11
  1507 | D:2      | Reached skill level 5 in Hexes
  1812 | D:3      | Noticed Grinder
  1817 | D:3      | Paralysed by Grinder for 4 turns
  1840 | D:3      | Paralysed by Grinder for 5 turns
  1848 | D:3      | Killed Grinder
  1849 | D:3      | Reached XP level 7. HP: 19/36 MP: 6/13
  1908 | D:3      | Learned a level 2 spell: Blink
  1965 | D:3      | Identified the +10 spear of Vodka {venom, Int+4}
  2479 | D:3      | Found a burning altar of Makhleb.
  2545 | D:4      | Reached skill level 1 in Translocations
  2582 | D:5      | Entered Level 5 of the Dungeon
  2667 | D:5      | Found a basalt altar of Yredelemnul.
  2837 | D:5      | Found a glowing drain.
  2863 | Sewer    | Entered a sewer
  3339 | D:5      | You fall into a shaft and drop 2 floors!
  3359 | D:6      | Gained mutation: You have razor-sharp teeth. [Vine Stalker
                  | growth]
  3359 | D:6      | Reached XP level 8. HP: 34/41 MP: 10/15
  3366 | D:6      | Reached skill level 6 in Hexes
  3423 | D:6      | Found a glowing golden altar of the Shining One.
  3463 | D:6      | HP: 1/42 [white imp/puff of frost (4)]
  3467 | D:6      | Succumbed to a scorpion's poison

Illustrated notes

Levels and vault maps discovered:
D:1:      wander_arrival_peaceful_grave, layout_basic,
          ebering_ecumenical_altar_webs, bh_walls_and_bars
D:2:      layout_rooms, hex_large, minmay_puff, uniq_sigmund, uniq_terence
D:3:      layout_basic, mainiacjoe_overflow_surrounded_room, uniq_grinder
D:4:      layout_basic, kennysheep_slug_shrine, grunt_temple_overflow_open,
          minmay_temple_entry_mini_moons
D:5:      layout_layer_cave, kennysheep_mini_moat, portal_sewer_entry_a,
          nicolae_ossuary_entry_monument
D:6:      layout_basic, general_overflow_altar, serial_shops,
          nicolae_shop_trees, nicolae_elevator_lobby_plus
D:7:      layout_cave_pools, grunt_gozag_statues, marbit_many_paths,
          grunt_decor_arrowhead

Skill      XL: |  1  2  3  4  5  6  7  8 |
---------------+-------------------------+-----
Fighting       | 2 3 4 |  4.1
Dodging        | 2 3 4 |  4.2
Spellcasting   | 2 3 4 |  4.7
Hexes          | 5 6 |  6.2
Translocations | 1 2 |  2.8
Armour         | |  1.0
Evocations     | |  1.7

Action                     |  1- 3 |  4- 6 |  7- 9 || total
---------------------------+-------+-------+-------++-------
  Melee: Dagger            |    98 |    61 |     1 ||   160
         Bite              |    26 |    42 |    32 ||   100
         Punch             |     2 |     1 |     2 ||     5
         Rapier            |       |    38 |       ||    38
         Hand axe          |       |    26 |       ||    26
         Spear             |       |       |   146 ||   146
   Cast: Slow              |    10 |     8 |     8 ||    26
    Use: Potion            |       |       |     1 ||     1
   Stab: Sleeping          |       |       |     1 ||     1
 Armour: Robe              |    27 |    43 |    51 ||   121
  Dodge: Dodged            |    70 |    68 |   126 ||   264

Table legend: (Time is in decaauts)
 A = Elapsed time spent in this place.
 B = Non-inter-level travel time spent in this place.
 C = Inter-level travel time spent in this place.
 D = Time resting spent in this place.
 E = Time spent auto-exploring this place.
 F = Levels seen in this place.
 G = Mean time per level.
                   A        B        C        D        E       F      G
               +--------+--------+--------+--------+--------+-----+--------+
         Total |   3566 |   3515 |     51 |     46 |   2062 |   8 |  445.8 |
       Dungeon |   3182 |   3131 |     51 |     46 |   1863 |   7 |  454.6 |
         Sewer |    384 |    384 |      0 |      0 |    198 |   1 |  384.0 |
               +--------+--------+--------+--------+--------+-----+--------+

Top non-repeatable levels by time:
     D:2: 917 daAuts
     D:3: 839 daAuts
     D:1: 771 daAuts
     D:5: 448 daAuts
   Sewer: 384 daAuts
     D:6: 123 daAuts
     D:4: 74 daAuts
     D:7: 6 daAuts
